 Dungeon Crawl Stone Soup version 0.18.1-48-g4cf74bf (webtiles) character file.

272247 Peloso the Hoplite (level 20, -4/205 HPs)
             Began as a Minotaur Fighter on July 10, 2016.
             Was the Champion of Okawaru.
             Killed from afar by a shock serpent (7 damage)
             ... with a bolt of electricity
             ... on level 4 of the Snake Pit.
             The game lasted 02:56:32 (43703 turns).

Peloso the Hoplite (Minotaur Fighter)              Turns: 43703, Time: 02:56:33

Health: -4/205     AC: 30    Str: 30    XL:     20   Next: 16%
Magic:  19/19      EV: 16    Int:  9    God:    Okawaru [******]
Gold:   1372       SH: 28    Dex: 17    Spells: 0 memorised, 19 levels left

rFire  . . .     SeeInvis .     X - +8 long sword of Quarrel {slice, *Confuse rElec rC+ Int+4}
rCold  + . .     Gourm    +     m - +2 plate armour {rPois}
rNeg   . . .     Faith    .     R - +2 large shield {AC+3}
rPois  +         Spirit   .     (helmet unavailable)
rElec  +         Dismiss  .     L - +0 cloak {MR+}
rCorr  .         Reflect  .     O - +1 pair of gloves {Dex+3}
SustAt .         Harm     .     S - +2 pair of boots {run}
MR     ++...                    G - amulet of the gourmand
Stlth  ..........               K - +6 ring of slaying
                                u - +4 ring of strength

@: quick, very resistant to hostile enchantments, extremely unstealthy
A: retaliatory headbutt, horns 3, talons 1, low mp 1, robust 1
a: Heroism, Finesse, Renounce Religion


You were on level 4 of the Snake Pit.
You worshipped Okawaru.
Okawaru was exalted by your worship.
You were full.

You visited 6 branches of the dungeon, and saw 33 of its levels.
You also visited: Labyrinth, Trove and Ice Cave.

You collected 3283 gold pieces.
You spent 1911 gold pieces at shops.

Inventory:

Hand Weapons
 p - a +4 double sword of holy wrath
 V - a +2 falchion of flaming
 X - the +8 long sword of Quarrel (weapon) {slice, *Confuse rElec rC+ Int+4}
   (You bought it in a shop on level 10 of the Dungeon)

   It inflicts extra damage upon your enemies.
   It affects your intelligence (+4).
   It protects you from cold.
   It insulates you from electricity.
   It may confuse you when you take damage.
 Z - a +5 demon blade of venom
Armour
 h - the +6 plate armour of the Earth {rC+ rN++ Stlth+}
   (You bought it in a shop on level 2 of the Orcish Mines)

   It protects you from cold.
   It greatly protects you from negative energy.
   It makes you more stealthy.
 m - a +2 plate armour of poison resistance (worn)
 v - a +1 crystal plate armour
 C - a +0 shield of resistance
 J - a +0 shield of reflection
 L - a +0 cloak of magic resistance (worn)
 O - a +1 pair of gloves of dexterity (worn)
 R - a +2 large shield of protection (worn)
 S - a +2 pair of boots of running (worn)
 T - a +1 cloak of cold resistance
Jewellery
 n - an uncursed ring of see invisible
 o - an uncursed ring of flight
 s - an uncursed amulet of guardian spirit
 u - a +4 ring of strength (left hand)
 G - an amulet of the gourmand (around neck)
 I - an uncursed ring of resist corrosion
 K - a +6 ring of slaying (right hand)
Wands
 b - a wand of hasting (3/9)
 z - a wand of teleportation (6/9)
 D - a wand of hasting (5/9)
 H - a wand of teleportation (2/9)
 N - a wand of digging (8/24)
 W - a wand of digging (15/24)
Scrolls
 a - 9 scrolls of identify
 e - 3 scrolls of fear
 g - 13 scrolls of remove curse
 k - 2 scrolls of magic mapping
 q - 10 scrolls of teleportation
 x - 10 scrolls of enchant weapon
 y - 3 scrolls of enchant armour
 M - a scroll of summoning
 P - 6 scrolls of recharging
 U - 3 scrolls of blinking
Potions
 c - 2 potions of haste
 d - 5 potions of might
 i - 9 potions of agility
 l - 4 potions of berserk rage
 w - 3 potions of resistance
 F - 5 potions of invisibility
 Q - 2 potions of brilliance
Comestibles
 f - 23 bread rations
 j - 3 royal jellies
 r - 3 slices of pizza
 t - 29 fruits
 B - 15 meat rations


   Skills:
 + Level 18.0 Fighting
   Level 0.2(13.6) Short Blades
 + Level 21.5 Long Blades
 + Level 15.8 Armour
 + Level 12.7 Dodging
 + Level 3.6 Stealth
 + Level 22.8 Shields
 + Level 3.5 Invocations
 + Level 1.3 Evocations


You had 19 spell levels left.
You didn't know any spells.

Dungeon Overview and Level Annotations

Branches:
Dungeon (15/15)            Temple (1/1) D:6            Lair (8/8) D:10
  Swamp (0/4) Lair:6        Snake (4/4) Lair:3        Slime (0/6) Lair:7
    Orc (2/2) D:10            Elf (3/3) Orc:2        Vaults (0/5) D:14
 Depths (0/5) D:15

Altars:
Fedhas
Gozag
Kikubaaqudgha
Makhleb
Nemelex Xobeh
Okawaru
Pakellas
Qazlal
Ru
Sif Muna
Trog
Xom
Yredelemnul
The Shining One
Beogh
Jiyva

Shops:
D:4 !   D:5 %   D:9 (   D:10 [[:*(   D:14 }   D:15 :   Orc:2 :(*?[   Elf:1 [

Annotations:
Lair:7 1 runed door


Innate Abilities, Weirdness & Mutations

You reflexively headbutt those who attack you in melee.
You have a pair of large horns on your head.
You have sharp toenails.
Your magical capacity is low (-10% MP).
You are robust (+10% HP).


Message History

* * * LOW HITPOINT WARNING * * *
The bolt of electricity hits you! You resist.
* * * LOW HITPOINT WARNING * * *
You slash the shock serpent!
The shock serpent is lightly wounded.
The shock serpent's electric aura discharges, shocking you!
You block the shock serpent's attack.
Unknown command.
You hit the shock serpent. Your headbutt misses the shock serpent.
The shock serpent is moderately wounded.
The shock serpent shoots out a bolt of lightning at you!
The bolt of electricity hits you! You resist.
* * * LOW HITPOINT WARNING * * *
The bolt of electricity hits you! You resist.
* * * LOW HITPOINT WARNING * * *
The bolt of electricity hits the shock serpent.
The shock serpent completely resists.
The shock serpent shoots out a bolt of lightning at you!
The bolt of electricity hits you! You resist.
You die...

≈§§§...## ≈≈§≈....#
§≈≈≈#'#### ≈§§......# #
≈§§§.....# ## .##
§§§§§§...# .# ....
≈≈§§§....# .#.....
§§≈§§§§..# ###.....#
≈≈≈≈≈§≈..## #.@S.###
§≈≈≈≈§§...## ##......#
#####≈≈≈...###(...##...#
....###≈§≈..##)..## ..#
......##≈≈≈§.##..# #
[......##≈§§..####
####....##§§§..## ..
###...##≈≈≈).## ..
##...##≈≈...#


You could see a shock serpent.

Vanquished Creatures
  The ghost of lepiPlod666 the Lord of Darkness, a veteran VSGl of Kikubaaqudgha (Elf:3)
  A deep elf blademaster (Elf:2)
  3 deep elf master archers
  Kirke (Lair:7)
  11 greater nagas
  11 deep elf sorcerers
  An orc warlord (Orc:2)
  Donald (Snake:3)
  Aizul (Snake:3)
  8 deep elf elementalists (Elf:3)
  8 deep elf demonologists
  9 deep elf annihilators
  Nessos (Lair:6)
  Snorg (Lair:8)
  4 deep elf death magi
  2 blizzard demons (IceCv)
  4 vault guards (D:14)
  The ghost of max the Fighter, a journeyman MiBe of Trog (Orc:2)
  3 deep elf high priests (Elf:3)
  A minotaur (Lab)
  16 naga warriors
  7 hydras
  16 anacondas
  2 centaur warriors (D:15)
  A death knight (D:13)
  2 ogre magi
  A queen ant (Lair:3)
  28 dancing weapons
  11 naga sharpshooters
  A tengu warrior (D:15)
  4 vampire magi (D:11)
  Urug (D:14)
  2 large abominations (Elf:3)
  6 death yaks
  5 orc high priests (Orc:2)
  8 shock serpents
  24 deep elf knights
  Sonja (D:10)
  A small abomination (Elf:3)
  9 skeletal warriors
  An unseen horror (D:11)
  8 deep elf archers
  5 salamander mystics (Snake:4)
  7 naga ritualists
  7 hill giants
  4 lindwurms (Snake:4)
  A phantasmal warrior (D:13)
  Pikel (D:5)
  4 orc knights (Orc:2)
  8 wizards (D:13)
  7 orc sorcerers
  2 wolf spiders
  2 manticores
  A shining eye (shapeshifter) (Elf:2)
  A wolf spider zombie (D:15)
  10 mana vipers
  15 ugly things
  86 deep elf magi
  3 griffons
  7 salamanders
  A cyclops (D:14)
  13 elephants
  47 black mambas
  Joseph (D:10)
  10 guardian serpents
  2 ice statues
  2 gargoyles
  Psyche (D:10)
  26 naga magi
  20 spiny frogs
  A yaktaur (shapeshifter) (D:8)
  8 rime drakes
  A torpor snail (Lair:7)
  4 centaur skeletons
  An efreet (D:15)
  6 anaconda simulacra (IceCv)
  4 freezing wraiths
  11 komodo dragons
  6 ice devils (IceCv)
  2 tengu conjurers
  A golden dragon simulacrum (IceCv)
  A guardian mummy (D:10)
  9 trolls
  A wolf spider simulacrum (IceCv)
  A blink frog (shapeshifter) (D:14)
  3 two-headed ogres
  A boulder beetle (Lair:7)
  18 blink frogs
  3 slime creatures
  Sigmund (D:3)
  A dire elephant simulacrum (IceCv)
  3 air elementals
  A wraith (D:13)
  57 yaks
  2 spriggans
  10 wyverns
  Eustachio (D:6)
  A vampire (D:15)
  8 water elementals
  A hog (Lair:7)
  A steam dragon (D:14)
  5 basilisks
  5 fire elementals
  7 vampire mosquitoes
  A death yak simulacrum (IceCv)
  Menkaure (D:5)
  8 hippogriffs
  3 mottled dragons
  A hungry ghost (D:9)
  5 harpy simulacra (IceCv)
  4 wargs
  An iron troll simulacrum (IceCv)
  11 soldier ants
  28 nagas
  19 water moccasins
  15 porcupines
  4 hydra simulacra (IceCv)
  A giant eyeball (shapeshifter) (D:15)
  28 orc warriors
  12 ice beasts
  5 sky beasts
  2 slaves (D:5)
  3 phantoms
  2 black bears (D:7)
  25 ogres
  2 necrophages
  An ettin simulacrum (IceCv)
  7 wasps
  19 centaurs
  9 wolves
  18 crocodiles
  A big kobold (shapeshifter) (Elf:3)
  2 big kobolds
  Blork the orc (D:4)
  21 giant frogs
  2 earth elementals
  A wyvern zombie (D:14)
  2 wyvern skeletons (D:13)
  A water moccasin skeleton (D:5)
  5 scorpions
  16 killer bees
  9 wights
  15 electric eels
  6 crimson imps
  3 draconian simulacra (IceCv)
  4 giant frog zombies
  7 orc priests
  5 giant frog skeletons
  5 jellies
  Crazy Yiuf (D:5)
  A gnoll shaman (D:5)
  13 hounds
  15 orc wizards
  18 iguanas
  33 worker ants
  A polar bear simulacrum (IceCv)
  2 troll simulacra (IceCv)
  19 sheep
  A spriggan simulacrum (IceCv)
  A centaur simulacrum (IceCv)
  2 hound skeletons
  2 howler monkey zombies (D:6)
  2 worker ant zombies (D:8)
  8 gnolls
  14 adders
  A howler monkey skeleton (D:10)
  2 ogre simulacra (IceCv)
  59 river rats
  A naga simulacrum (IceCv)
  2 shadow imps
  9 white imps (IceCv)
  7 ufetubi (IceCv)
  An adder zombie (D:9)
  An ooze (D:2)
  3 adder skeletons
  2 worms (D:3)
  2 dart slugs
  3 giant geckos
  57 orcs
  12 giant cockroaches
  8 goblins
  11 hobgoblins
  19 jackals
  4 quokkas
  2 ball pythons
  11 bats
  6 giant newts
  A jackal skeleton (D:7)
  20 kobolds
  A quokka skeleton (D:8)
  A quokka zombie (D:5)
  10 rats
  3 fungi (Lair:7)
  2 plants
1443 creatures vanquished.

Vanquished Creatures (others)
  A deep elf elementalist (Elf:1)
  2 humans (Lair:7)
  A water elemental (Elf:3)
  A yak (Lair:7)
  A naga (Snake:4)
  An adder (D:4)
  11 fungi
  9 plants
27 creatures vanquished.

Grand Total: 1470 creatures vanquished

Notes
Turn   | Place    | Note
--------------------------------------------------------------
     0 | D:1      | Peloso the Minotaur Fighter began the quest for the Orb.
     0 | D:1      | Reached XP level 1. HP: 19/19 MP: 0/0
    71 | D:1      | Reached XP level 2. HP: 18/27 MP: 1/1
   287 | D:1      | Reached skill level 4 in Shields
   614 | D:1      | Reached XP level 3. HP: 33/33 MP: 2/2
  1515 | D:2      | Reached XP level 4. HP: 41/41 MP: 3/3
  1523 | D:2      | Found an iron altar of Okawaru.
  1538 | D:2      | Became a worshipper of Warmaster Okawaru
  1612 | D:3      | Noticed Sigmund
  1623 | D:3      | Killed Sigmund
  1623 | D:3      | Reached skill level 5 in Shields
  1623 | D:3      | Reached XP level 5. HP: 32/47 MP: 4/4
  1790 | D:3      | Reached XP level 6. HP: 18/53 MP: 5/5
  2008 | D:3      | Reached skill level 5 in Armour
  2093 | D:4      | Found a sparkling altar of Nemelex Xobeh.
  2104 | D:4      | Found a basalt altar of Yredelemnul.
  2106 | D:4      | Found a blossoming altar of Fedhas.
  2132 | D:4      | Noticed Blork the orc
  2148 | D:4      | Killed Blork the orc
  2148 | D:4      | Reached * piety under Okawaru
  2231 | D:4      | Found an ancient bone altar of Kikubaaqudgha.
  2309 | D:4      | Found a shimmering altar of Xom.
  2357 | D:4      | Reached skill level 6 in Shields
  2357 | D:4      | Reached XP level 7. HP: 56/60 MP: 6/6
  2569 | D:4      | Reached skill level 5 in Long Blades
  2864 | D:4      | Found a deep blue altar of Sif Muna.
  3005 | D:4      | Reached ** piety under Okawaru
  3005 | D:4      | Reached skill level 5 in Fighting
  3173 | D:4      | Found Neocev's Distillery.
  3410 | D:5      | Entered Level 5 of the Dungeon
  3429 | D:5      | Found Xileclil's Food Boutique.
  3448 | D:5      | Reached skill level 7 in Shields
  3521 | D:5      | Reached XP level 8. HP: 65/68 MP: 7/7
  3622 | D:5      | Noticed Crazy Yiuf
  3626 | D:5      | Killed Crazy Yiuf
  3727 | D:5      | Noticed Menkaure
  3736 | D:5      | Killed Menkaure
  4037 | D:5      | Noticed Pikel
  4244 | D:5      | Killed Pikel
  4244 | D:5      | Reached *** piety under Okawaru
  4244 | D:5      | Reached skill level 5 in Dodging
  4352 | D:5      | Reached skill level 1 in Stealth
  4352 | D:5      | Reached skill level 8 in Shields
  4352 | D:5      | Reached XP level 9. HP: 75/75 MP: 8/8
  4459 | D:6      | Found a staircase to the Ecumenical Temple.
  4508 | D:6      | Noticed Eustachio
  4515 | D:6      | Killed Eustachio
  4914 | D:6      | Found an opulent altar of Gozag.
  4914 | D:6      | Found a stormy altar of Qazlal.
  5319 | D:7      | Reached **** piety under Okawaru
  5341 | D:7      | Reached skill level 9 in Shields
  5536 | D:7      | Found a bloodstained altar of Trog.
  5986 | D:8      | Noticed an ice statue
  6071 | D:8      | Noticed a rime drake
  6074 | D:8      | Noticed a polar bear
  6074 | D:8      | a rime drake changed into a polar bear
  6079 | D:8      | a polar bear changed into a shapeshifter
  6080 | D:8      | Noticed a yaktaur
  6080 | D:8      | a shapeshifter changed into a yaktaur
  6086 | D:8      | Killed a yaktaur
  6086 | D:8      | Reached XP level 10. HP: 64/85 MP: 9/9
  6090 | D:8      | Got a spiked chain mail
  6110 | D:8      | Identified the cursed +1 chain mail "Veupn" {MP+9} (You found it on level 8 of the Dungeon)
  6423 | D:8      | Reached skill level 10 in Shields
  6670 | D:9      | Reached ***** piety under Okawaru
  6732 | D:9      | Found a burning altar of Makhleb.
  6833 | D:9      | Found Guttes's Weapon Shop.
  6862 | D:9      | Found a glowing golden altar of the Shining One.
  7210 | D:10     | Entered Level 10 of the Dungeon
  7210 | D:10     | Found Veipuas's Book Emporium.
  7210 | D:10     | Noticed a hill giant
  7223 | D:10     | Killed a hill giant
  7435 | D:10     | HP: 3/87 [electric eel/bolt of electricity (12)]
  7703 | D:10     | Reached skill level 11 in Shields
  7831 | D:10     | Found a staircase to the Lair.
  8198 | D:10     | Reached skill level 10 in Armour
  8480 | D:10     | Noticed Sonja
  8517 | D:10     | Found Wopuv's Assorted Antiques.
  8518 | D:10     | Noticed Psyche
  8532 | D:10     | Killed Psyche
  8801 | D:10     | Reached XP level 11. HP: 94/94 MP: 10/10
  9034 | D:10     | Killed Sonja
  9034 | D:10     | Reached skill level 1 in Invocations
  9070 | D:10     | Found a staircase to the Orcish Mines.
  9127 | D:10     | Found Lajusour's Armour Emporium.
  9135 | D:10     | Noticed Joseph
  9170 | D:10     | Killed Joseph
  9170 | D:10     | Reached skill level 10 in Long Blades
  9187 | D:10     | Found Imisio's Antique Armour Boutique.
  9281 | D:10     | Received a gift from Okawaru
  9288 | D:10     | Found Rohoz's Antique Weapon Shop.
  9305 | D:10     | Bought a scorched long sword for 204 gold pieces
  9305 | D:10     | Identified the +8 long sword of Quarrel {slice, *Confuse rElec rC+ Int+4} (You bought it in a shop on level 10 of the Dungeon)
  9525 | D:10     | Found a portal to a secret trove of treasure.
  9760 | D:11     | Noticed a green ugly thing
  9769 | D:11     | Killed a green ugly thing
  9872 | D:11     | Noticed an unseen horror
  9879 | D:11     | Killed an unseen horror
 10064 | D:11     | Noticed a cyan ugly thing
 10083 | D:11     | Killed a cyan ugly thing
 10478 | D:11     | Noticed a hill giant
 10484 | D:11     | Killed a hill giant
 10519 | D:11     | Found a sacrificial altar of Ru.
 10571 | D:11     | Noticed a deep elf mage
 10581 | D:11     | Killed a deep elf mage
 10581 | D:11     | Reached skill level 12 in Shields
 10582 | D:11     | Noticed a vampire mage
 10595 | D:11     | Killed a vampire mage
 10771 | D:11     | Noticed a deep elf mage
 10773 | D:11     | Noticed a deep elf mage
 10796 | D:11     | Noticed a deep elf mage
 10800 | D:11     | Killed a deep elf mage
 10800 | D:11     | Received a gift from Okawaru
 10839 | D:11     | Identified a +2 pair of boots of running (Okawaru gifted it to you on level 11 of the Dungeon)
 10848 | D:11     | Noticed a deep elf mage
 10850 | D:11     | Killed a deep elf mage
 10850 | D:11     | Reached XP level 12. HP: 105/105 MP: 11/11
 11035 | D:11     | Noticed a vampire mage
 11049 | D:11     | Noticed a jiangshi
 11057 | D:11     | Killed a vampire mage
 11385 | D:11     | Noticed a vampire mage
 11388 | D:11     | Found a deep blue altar of Sif Muna.
 11400 | D:11     | Killed a vampire mage
 11400 | D:11     | Reached skill level 10 in Fighting
 11563 | D:11     | Noticed a vampire mage
 11565 | D:11     | Paralysed by an orc sorcerer for 4 turns
 11582 | D:11     | Killed a vampire mage
 11595 | D:11     | Identified Qung's Tome of Poisoning and Transmigration
 11613 | D:11     | Identified the Compendium of Contamination
 11635 | D:11     | Noticed a deep elf sorcerer
 11644 | D:11     | Killed a deep elf sorcerer
 11826 | D:11     | Identified the Catalogue of Boosting Transmutation
 11855 | D:11     | Identified Rittied's Disquisition on the Traveller
 11873 | D:11     | Reached skill level 13 in Shields
 12249 | Lair:1   | Entered Level 1 of the Lair of Beasts
 12814 | Lair:1   | Reached ****** piety under Okawaru
 12827 | Lair:1   | Received a gift from Okawaru
 12947 | Lair:1   | Reached XP level 13. HP: 91/116 MP: 13/13
 13982 | Lair:2   | Received a gift from Okawaru
 14266 | Lair:2   | Identified a scroll of acquirement
 14676 | Lair:3   | Found a staircase to the Snake Pit.
 14709 | Lair:3   | Found a labyrinth entrance.
 14724 | Lab      | Entered a labyrinth
 14807 | Lab      | Noticed a minotaur
 14823 | Lab      | Killed a minotaur
 15278 | Lair:3   | Reached skill level 14 in Shields
 16592 | Lair:4   | Received a gift from Okawaru
 17781 | Lair:4   | Reached XP level 14. HP: 114/127 MP: 12/14
 18841 | Lair:6   | Received a gift from Okawaru
 19186 | Lair:6   | Found a staircase to the Swamp.
 19299 | Lair:6   | Noticed Nessos
 19323 | Lair:6   | Killed Nessos
 19323 | Lair:6   | Reached skill level 15 in Long Blades
 19429 | Lair:6   | Reached skill level 15 in Shields
 19839 | Lair:7   | Noticed Kirke
 19856 | Lair:7   | Killed Kirke
 20040 | Lair:7   | Found a runed door.
 20041 | Lair:7   | Found a viscous altar of Jiyva.
 20041 | Lair:7   | Noticed an acid blob
 20042 | Lair:7   | Noticed an acid blob
 20122 | Lair:7   | Found a staircase to the Slime Pits.
 20182 | Lair:7   | Received a gift from Okawaru
 20671 | Lair:8   | Entered Level 8 of the Lair of Beasts
 21193 | Lair:8   | Noticed Snorg
 21201 | Lair:8   | Killed Snorg
 21291 | Lair:8   | Reached skill level 16 in Shields
 21346 | Lair:8   | Reached XP level 15. HP: 124/136 MP: 12/15
 22439 | Temple   | Entered the Ecumenical Temple
 23102 | D:12     | Gained mutation: You have a pair of large horns on your head. [potion of beneficial mutation]
 23133 | D:12     | Found an oddly glowing altar of Pakellas.
 23685 | D:13     | Received a gift from Okawaru
 23685 | D:13     | Reached skill level 1 in Evocations
 23693 | D:13     | Got a pair of jewelled gloves {god gift}
 23963 | D:13     | Identified the +1 pair of gloves "Ucvosih" {rElec rC- Int+6} (Okawaru gifted it to you on level 13 of the Dungeon)
 24227 | D:13     | Paralysed by something for 4 turns
 24234 | D:13     | Paralysed by a wizard for 5 turns
 24450 | D:13     | Got a spiked chain mail
 24461 | D:13     | Identified the +2 chain mail "Atudir" {Int+7 Dex+2 Stlth-} (You found it on level 13 of the Dungeon)
 24840 | D:14     | Noticed Urug
 24857 | D:14     | Killed Urug
 25003 | D:14     | Found a gate to the Vaults.
 25045 | D:14     | Received a gift from Okawaru
 25120 | D:14     | Reached skill level 17 in Shields
 25164 | D:14     | Found Viututh's Gadget Boutique.
 25617 | D:15     | Entered Level 15 of the Dungeon
 25776 | D:15     | Received a gift from Okawaru
 25776 | D:15     | Reached XP level 16. HP: 97/147 MP: 10/16
 26165 | D:15     | Found Kysiedgh's Book Shop.
 26485 | D:15     | Found a staircase to the Depths.
 27040 | Orc:1    | Entered Level 1 of the Orcish Mines
 27436 | Orc:2    | Entered Level 2 of the Orcish Mines
 27500 | Orc:2    | Found a staircase to the Elven Halls.
 27802 | Orc:2    | Found Fuschopteo's Antique Armour Emporium.
 27840 | Orc:2    | Bought a twisted plate armour for 560 gold pieces
 27897 | Orc:1    | Identified the +6 plate armour of the Earth {rC+ rN++ Stlth+} (You bought it in a shop on level 2 of the Orcish Mines)
 27911 | Orc:2    | Found Dukob Git's General Store.
 27929 | Orc:2    | Bought a scroll of magic mapping for 56 gold pieces
 27964 | Orc:2    | Found Toicufeech's Antique Weapon Emporium.
 27990 | Orc:2    | Reached skill level 18 in Shields
 28053 | Orc:2    | Noticed max's ghost (journeyman MiBe)
 28351 | Orc:2    | Killed max's ghost
 28351 | Orc:2    | Reached skill level 15 in Fighting
 28554 | Orc:2    | Found a roughly hewn altar of Beogh.
 28573 | Orc:2    | Found Naece's Magic Scroll Emporium.
 28578 | Orc:2    | Bought a scroll of acquirement for 624 gold pieces
 28578 | Orc:2    | Bought a scroll of identify for 24 gold pieces
 28578 | Orc:2    | Bought a scroll of magic mapping for 42 gold pieces
 28603 | Orc:2    | Found Piujiwev's Book Shoppe.
 29009 | D:10     | Reached skill level 10 in Dodging
 29019 | D:10     | You paid a toll of 2 scrolls of acquirement to enter a treasure trove
 29020 | Trove    | Entered a treasure trove
 29104 | Trove    | Identified Sif Muna's Introduction to Thaumaturgy
 29127 | Trove    | Identified Sif Muna's Guide on Helpful Feathers
 29250 | Elf:1    | Entered Level 1 of the Elven Halls
 29272 | Elf:1    | Received a gift from Okawaru
 29539 | Elf:1    | Found Astrerphui's Armour Shop.
 29567 | Elf:1    | Bought a +0 cloak of magic resistance for 184 gold pieces
 29572 | Elf:1    | Bought the +0 pair of boots of Isahong {+Fly} for 217 gold pieces
 29706 | Elf:1    | Got a crude war axe
 29772 | Elf:1    | Reached skill level 15 in Armour
 30127 | Elf:1    | Identified the Compendium of Supportive Conjuration
 30143 | Elf:1    | Received a gift from Okawaru
 30146 | Elf:1    | Got a smoking quicksilver dragon armour {god gift}
 30157 | Elf:1    | Identified the quicksilver dragon armour of Doergh {rF+ rC++ MR+} (Okawaru gifted it to you on level 1 of the Elven Halls)
 30249 | Elf:1    | Found an ancient bone altar of Kikubaaqudgha.
 30289 | Elf:1    | Identified the +6 war axe "Kaukh" {chop, MR+ Int+3 SInv} (You found it on level 1 of the Elven Halls)
 30871 | Elf:2    | Noticed a deep elf master archer
 30895 | Elf:2    | Reached XP level 17. HP: 135/156 MP: 15/18
 30899 | Elf:2    | Killed a deep elf master archer
 30928 | Elf:2    | Gained mutation: You are robust (+10% HP). [potion of beneficial mutation]
 31121 | Elf:2    | Reached skill level 19 in Shields
 31155 | Elf:2    | Found a runed gate.
 31159 | Elf:2    | Found a runed gate.
 31213 | Elf:2    | Found a runed gate.
 31245 | Elf:2    | Gained mutation: Your magical capacity is low (-10% MP). [a shining eye]
 31246 | Elf:2    | Gained mutation: You have sharp toenails. [a shining eye]
 31479 | Elf:2    | Noticed a deep elf blademaster
 31487 | Elf:2    | Killed a deep elf blademaster
 32509 | Elf:3    | Entered Level 3 of the Elven Halls
 32606 | Elf:3    | Noticed lepiPlod666's ghost (veteran VSGl)
 32631 | Elf:3    | Killed lepiPlod666's ghost
 32631 | Elf:3    | Received a gift from Okawaru
 33442 | Elf:3    | Received a gift from Okawaru
 33445 | Elf:3    | Noticed a Hell Sentinel
 34036 | Elf:3    | Reached XP level 18. HP: 155/184 MP: 13/17
 34171 | Elf:3    | Reached skill level 20 in Shields
 34649 | Elf:3    | Received a gift from Okawaru
 34877 | Elf:3    | Noticed an Ice Fiend
 35247 | Elf:3    | Got a scorched plate armour
 35272 | Elf:3    | Identified the +8 plate armour "Asiclav" {rF+ rC+ Int-2 Dex-5 Stlth+} (You took it off a deep elf high priest on level 3 of the Elven Halls)
 35598 | Elf:3    | Got a warped falchion {holy}
 35641 | Elf:3    | Identified the +9 falchion "Kid Renn" {holy, MP+9} (You took it off a deep elf elementalist on level 3 of the Elven Halls)
 35752 | Elf:3    | Got an ancient amber ring
 35753 | Elf:3    | Got a polished long sword {slice}
 35757 | Elf:3    | Identified the +3 long sword of the Nine Moons {slice, *Contam +Fly rC+ Stlth+} (You took it off a deep elf annihilator on level 3 of the Elven Halls)
 36548 | Elf:3    | Received a gift from Okawaru
 36681 | Elf:3    | Identified the ring "Taraot" {Wiz rC+ MR+ Str+3} (You took it off a deep elf annihilator on level 3 of the Elven Halls)
 36723 | Elf:3    | Got an ancient mace {god gift}
 36724 | Elf:3    | Identified the +6 mace "Jirem" {crush, *Corrode rN+ MR+ MP+9} (Okawaru gifted it to you on level 3 of the Elven Halls)
 36787 | Elf:3    | Identified the Tome of the Supportive Oath (You found it on level 3 of the Elven Halls)
 36912 | Elf:3    | Got a slimy chain mail
 36925 | Elf:3    | Identified the +7 chain mail of Eternal Vigilance {rN++} (You took it off a deep elf master archer on level 3 of the Elven Halls)
 37465 | Snake:1  | Entered Level 1 of the Snake Pit
 37788 | Snake:1  | Reached skill level 21 in Shields
 37811 | Snake:1  | Received a gift from Okawaru
 38071 | Snake:1  | Reached XP level 19. HP: 194/194 MP: 18/18
 38344 | Snake:2  | Found a frozen archway.
 38358 | IceCv    | Entered an ice cave
 38814 | IceCv    | Received a gift from Okawaru
 40685 | Snake:3  | Noticed Donald
 40698 | Snake:3  | Killed Donald
 41272 | Snake:3  | Reached skill level 22 in Shields
 41371 | Snake:3  | Noticed Aizul
 41382 | Snake:3  | Killed Aizul
 41617 | Snake:4  | Entered Level 4 of the Snake Pit
 41637 | Snake:4  | Received a gift from Okawaru
 41640 | Snake:4  | Got a heavily runed chain mail {god gift}
 41641 | Snake:4  | Identified the +1 chain mail "Qos How" {*Corrode rPois rC+ rN+} (Okawaru gifted it to you on level 4 of the Snake Pit)
 42280 | Snake:4  | Found an opulent altar of Gozag.
 43162 | Snake:4  | Reached XP level 20. HP: 60/205 MP: 19/19
 43700 | Snake:4  | HP: 6/205 [shock serpent/bolt of electricity (7)]
 43703 | Snake:4  | Killed from afar by a shock serpent

Skill      XL: |  1  2  3  4  5  6  7  8  9 10 11 12 13 14 15 16 17 18 19 20 |
---------------+-------------------------------------------------------------+-----
Fighting       | 4 5 6 7 8 9 11 12 13 14 15 16 17 18 | 18.0
Shields        | 4 5 6 7 8 9 11 12 13 14 16 17 18 19 21 22 | 22.8
Long Blades    | 3 4 5 6 8 9 11 12 14 15 17 18 19 20 21 | 21.5
Armour         | 4 5 6 7 8 10 11 12 13 14 15 | 15.8
Dodging        | 2 3 5 6 7 9 10 11 12 | 12.7
Stealth        | 1 2 3 |  3.6
Invocations    | 1 2 3 |  3.5
Evocations     | 1 |  1.3
Short Blades   | |  0.2

Action                   |  1- 3 |  4- 6 |  7- 9 | 10-12 | 13-15 | 16-18 | 19-21 || total
-------------------------+-------+-------+-------+-------+-------+-------+-------++-------
Melee: Long sword        |   139 |    97 |   393 |   717 |  1490 |  1251 |   645 ||  4732
       Headbutt          |    11 |    20 |    75 |   151 |   490 |   376 |   229 ||  1352
       Falchion          |       |       |       |       |   121 |     4 |       ||   125
       Short sword       |       |       |       |       |    11 |       |       ||    11
Invok: Heroism           |       |       |     1 |    11 |     9 |    13 |     6 ||    40
 Abil: Evoke Flight      |       |       |       |       |       |     1 |     1 ||     2
Evoke: Wand              |       |       |       |     9 |     4 |     1 |     1 ||    15
  Use: Scroll            |       |    14 |     6 |     8 |    16 |    11 |     3 ||    58
       Potion            |       |       |       |     4 |     1 |     3 |     2 ||    10
  Eat: Chunk             |     2 |     3 |    13 |    23 |    39 |    32 |    16 ||   128
       Beef jerky        |       |       |       |       |     1 |     4 |     1 ||     6
       Pizza             |       |       |       |       |       |       |     4 ||     4
Armor: Scale mail        |   101 |    32 |    53 |       |       |       |       ||   186
       Chain mail        |       |       |    51 |   210 |    38 |       |       ||   299
       Plate armour      |       |       |       |       |   487 |   132 |   203 ||   822
       Quicksilver drago |       |       |       |       |       |    98 |       ||    98
Dodge: Dodged            |    48 |    40 |   128 |   372 |   545 |   282 |   279 ||  1694
Block: Shield            |    97 |    51 |   266 |   513 |   537 |   346 |    31 ||  1841
       Buckler           |       |       |       |       |   369 |       |       ||   369
       Large shield      |       |       |       |       |       |   621 |   893 ||  1514
